 Dungeon Crawl Stone Soup version 0.19-a0-1111-gcceb26a (webtiles) character file.

114 hairmachine the Shooter (level 4, 0/29 HPs)
             Began as a High Elf Hunter on Aug 10, 2016.
             Was an Initiate of Okawaru.
             Slain by a jackal (3 damage)
             ... on level 4 of the Dungeon.
             The game lasted 00:10:54 (3362 turns).

hairmachine the Shooter (High Elf Hunter)           Turns: 3362, Time: 00:10:55

Health: 0/29       AC:  4    Str: 11    XL:     4   Next: 66%
Magic:  14/14      EV: 12    Int: 15    God:    Okawaru [......]
Gold:   133        SH:  0    Dex: 16    Spells: 0 memorised, 3 levels left

rFire  . . .     SeeInvis .     b - +0 short sword
rCold  + . .     Gourm    .     c - +1 leather armour
rNeg   . . .     Faith    .     (no shield)
rPois  .         Spirit   .     (no helmet)
rElec  .         Dismiss  .     (no cloak)
rCorr  .         Reflect  .     (no gloves)
SustAt .         Harm     .     (no boots)
MR     .....                    (no amulet)
Stlth  ++........               y - ring of protection from cold
                                v - ring of magical power

@: flying
A: no striking features
a: Renounce Religion


You were on level 4 of the Dungeon.
You worshipped Okawaru.
Okawaru was noncommittal.
You were near starving.

You visited 1 branch of the dungeon, and saw 4 of its levels.

You collected 133 gold pieces.

Inventory:

Hand Weapons
 a - a +1 shortbow
 b - a +0 short sword (weapon)
Missiles
 d - 30 arrows
Armour
 c - a +1 leather armour (worn)
Jewellery
 v - a ring of magical power (left hand)
 y - a ring of protection from cold (right hand)
Wands
 g - a wand of random effects (24/48)
 o - a wand of polymorph (21/24)
Scrolls
 i - 2 scrolls of identify
 m - a scroll of magic mapping
 n - a scroll of fear {unknown}
Potions
 h - a potion of beneficial mutation
 p - a potion of cancellation {unknown}
 r - a potion of lignification {unknown}
 u - a potion of mutation {unknown}
Books
 q - a book of Power

   Spells                             Type                      Level
   a - Fulminant Prism                Conjuration/Hexes            4
   b - Iskenderun's Mystic Blast      Conjuration                  4
   c - Venom Bolt                     Conjuration/Poison           5
   d - Bolt of Magma                  Conjuration/Fire/Earth       5
   e - Iron Shot                      Conjuration/Earth            6
   f - Orb of Destruction             Conjuration                  7
   g - Spellforged Servitor           Conjuration/Summoning        7
Comestibles
 f - 5 bread rations
 j - a beef jerky
 s - a slice of pizza
 x - 3 fruits


   Skills:
 - Level 2.0 Fighting
 + Level 3.1 Short Blades
 + Level 7.1 Bows
 - Level 2.1 Dodging
 - Level 1.1 Stealth


You had 3 spell levels left.
You didn't know any spells.

Dungeon Overview and Level Annotations

Branches:
Dungeon (4/15)
 Temple: D:4-7

Altars:
Cheibriados
Elyvilon
Fedhas
Okawaru
Qazlal

Annotations:
D:2 1 runed door


Message History

The iguana barely misses you.
The jackal barks!
You hear a bark! x3
The jackal bites you but does no damage.
The jackal closely misses you.
A jackal comes into view.
The jackal completely misses you. The jackal bites you.
* * * LOW HITPOINT WARNING * * *
A jackal comes into view.
You hit the jackal but do no damage. The jackal completely misses you.
The jackal bites you.
* * * LOW HITPOINT WARNING * * *
The jackal closely misses you.
It was a potion of flight.
You feel very buoyant.
You fly up into the air.
The jackal completely misses you.
The iguana bites you but does no damage.
The jackal bites you.
You die...

.# ##.##### ##......#
.......# #######h.>...#
#....hg.# #.
#.#####.#.#.########
#h#####.#.#.#.h.<..#
#.ghh@h<....#.####.#
#..##l#!.......# #.#
........#(.#.##..# ..
##.#........#.##..#.#
#......(.....##....##.#
..#.......#####..>....#
##.#...#.#.##......#####
# ....(.#..)....#.#
####.##.#.#


You could see an iguana, a hound, 3 jackals and a goblin.

Vanquished Creatures
  4 adders (D:2)
  2 oozes
  3 worms
  A dart slug (D:1)
  A giant gecko (D:3)
  5 orcs (D:3)
  4 bats
  8 giant cockroaches
  2 hobgoblins (D:1)
  6 kobolds
  A quokka (D:3)
  2 ball pythons
  3 giant newts
  5 goblins
  7 rats
54 creatures vanquished.

Notes
Turn   | Place    | Note
-------+----------+-------------------------------------------
     0 | D:1      | hairmachine the High Elf Hunter began the quest for the Orb.
     0 | D:1      | Reached XP level 1. HP: 14/14 MP: 2/2
   314 | D:1      | Reached skill level 1 in Short Blades
   341 | D:1      | Reached XP level 2. HP: 19/19 MP: 3/3
   500 | D:1      | Reached skill level 6 in Bows
   677 | D:2      | Found a white marble altar of Elyvilon.
   895 | D:2      | Reached XP level 3. HP: 24/24 MP: 4/4
  1132 | D:2      | Found a stormy altar of Qazlal.
  1159 | D:2      | Found a runed door.
  1426 | D:2      | Reached XP level 4. HP: 13/29 MP: 5/5
  2256 | D:3      | Found an iron altar of Okawaru.
  2258 | D:3      | Became a worshipper of Warmaster Okawaru
  2507 | D:3      | Found a snail-covered altar of Cheibriados.
  2593 | D:3      | Found a blossoming altar of Fedhas.
  2665 | D:3      | Reached skill level 7 in Bows
  3362 | D:4      | Slain by a jackal

Vault maps used:
D:1:      dpeg_arrival_tiny_g, serial_bayou_pond_e, corexii_leaking_fountain
D:2:      grunt_qazlal_sundering, overflow_temple_1_default,
          uniq_crazy_yiuf_cottage
D:3:      okawaru_metal_pillars_3, lemuel_coloured_pillars_altar,
          lemuel_round_altar
D:4:      nicolae_gozag_seed_capital, first_bread, grunt_dithmenos_shadows

Skill      XL: |  1  2  3  4 |
---------------+-------------+-----
Short Blades   | 1 2 3 |  3.1
Bows           | 6 7 |  7.1
Fighting       | |  2.0
Dodging        | |  2.1
Stealth        | |  1.1

Action                   |  1- 3 |  4- 6 || total
-------------------------+-------+-------++-------
Melee: Short sword       |    79 |    50 ||   129
       Rapier            |       |    55 ||    55
 Fire: Shortbow          |    42 |    21 ||    63
  Use: Potion            |     3 |     2 ||     5
       Scroll            |       |     9 ||     9
 Stab: Sleeping          |       |     1 ||     1
  Eat: Chunk             |     2 |     4 ||     6
Armor: Leather armour    |    24 |    24 ||    48
Dodge: Dodged            |    55 |    75 ||   130
